Description

2 Gate Opener on Golden Wall LE with a Proxied Robo and 3rd Gate. Complete wall off at the natural. Push is at the enemy ramp by 3:32 roughly (1 Immortal, 4 Stalkers), and includes a shield battery in your mineral line for defense. I've included all the efficiencies PartinG uses to land at this exact time (probe rallies, gas loading, etc.).

Parting opts for an observer after the warp prism.

Build Order

Get SALT Encoding   

  14  0:18  Pylon  At natural for Wall
  16  0:38  Probe (Chrono Boost), Gateway  Chrono Nexus with Gateway Placement
  17  0:48  Assimilator  Rally Two to fill, pull 3rd to saturate
  18  0:57  Assimilator  2nd Gas, Rally Probe to build, Rally 3 to saturate
  19  0:58  Probe (Chrono Boost)  Chrono Nexus after 2nd Assimilator
  20  1:13  Gateway  Probe that built 2nd Assimilator is immediately sent to build Gateway
  21  1:28  Cybernetics Core  Complete Wall at Nat, Use Probe off Gas to Build
  23  1:47  Pylon  Forward Pylon for Proxy
  23  2:05  Robotics Facility  Proxy
  23  2:06  Warp Gate  
  23  2:07  Stalker  
  25  2:09  Stalker  
  27  2:17  Pylon  At Nexus
  27  2:20  Probe  (1) Over Saturation, Rally to Nat
  28  2:36  Stalker  Scout for Proxy Tech with First Two Stalkers
  30  2:43  Stalker  
  32  2:54  Immortal (Chrono Boost)  All Chrono on Robo From here on
  36  3:05  Gateway  Forward Gateway with Robo
  36  3:12  Shield Battery  Mineral Line
  36  3:27  Warp Prism (Chrono Boost)  PUSH!
  38  3:35  Pylon  at home while pushing
Spawning Tool Build Advisor. Get it on Overwolf

Go to:

Details

  • Created by: edri
  • Published on: Apr 09, 2020
  • Modified on: Apr 09, 2020
  • Patch: 4.11.0
Show
View Real Time Build Order
Export as new Build Order

Comments (1)

On Aug. 11, 2020, 11:15 p.m., PashkaTLT  said:

Can you please provide a replay? I don't think you can have 4 stalkers at enemy ramp by 3:32. The 4th stalker will finish at 3:13 and it will take 30+ seconds to get to the enemy natural (ok, maybe 25 seconds on the shortest maps). So it seems to me the real timing will be ~3:43 at enemy ramp. I think this is the shortest option: https://lotv.spawningtool.com/build/116596/ but even there the immortal comes to the enemy natural only by ~3:40...

Create an account to comment!